 Dungeon Crawl Stone Soup version 0.27.1 (webtiles) character file.

Game seed: 14487073913385968265

8136 acemry the Severer (level 11, -5/92 HPs)
             Began as a Minotaur Fighter on Sept 4, 2021.
             Was a High Priest of Okawaru.
             Slain by an enormous slime creature (42 damage)
             ... on level 12 of the Dungeon.
             The game lasted 00:21:39 (11533 turns).

acemry the Severer (Minotaur Fighter)              Turns: 11533, Time: 00:21:40

Health: -5/92      AC: 13    Str: 24    XL:     11   Next: 5%
Magic:  10/10      EV: 11    Int:  5    God:    Okawaru [*****.]
Gold:   610        SH:  5    Dex:  8    Spells: 10/10 levels left

rFire    . . .     SeeInvis .   b - +6 battleaxe
rCold    + . .     Faith    .   (shield currently unavailable)
rNeg     . . .     Spirit   .   u - +0 acid dragon scales
rPois    +         Reflect  +   (helmet restricted)
rElec    .         Harm     .   n - +2 cloak {Will+}
rCorr    +         Rampage  .   (no gloves)
Will     +....                  D - +2 pair of boots
Stlth    ++........             p - amulet of reflection
HPRegen  0.25/turn              e - ring of protection from cold
MPRegen  0.12/turn              E - ring of poison resistance

@: no status effects
A: horns 2, retaliatory headbutt, talons 1, camouflage 1, clumsy 1, wild magic 1
a: Renounce Religion, Heroism, Finesse


You were on level 12 of the Dungeon.
You worshipped Okawaru.
Okawaru was extremely pleased with you.
You visited 2 branches of the dungeon, and saw 13 of its levels.

You collected 610 gold pieces.

Inventory:

Hand Weapons
 a - the +6 hand crossbow of Velamp {freeze, Stlth+}
   (You acquired it on level 3 of the Dungeon)

   Any ammunition fired from it freezes those it strikes, dealing additional
   cold damage.
   It can also slow down cold-blooded creatures.
   Stlth:     It makes you more stealthy.
 b - a +6 battleaxe (weapon)
 y - the +6 broad axe "Qiti Bem" {elec, Drain +Blink rF+++ rCorr}
   (You acquired it on level 6 of the Dungeon)

   It occasionally discharges a powerful burst of electricity upon striking a
   foe.
   rF:        It renders you almost immune to fire.
   +Blink:    It lets you blink.
   rCorr:     It protects you from acid and corrosion.
   Drain:     It drains your maximum health when unequipped.
 H - a +0 war axe
Missiles
 m - 5 atropa-tipped darts (quivered)
 w - 6 throwing nets
 z - 77 bolts
Armour
 c - a +1 kite shield
 f - a +0 chain mail
 g - a +0 scale mail
 n - a +2 cloak of willpower (worn)
 u - +0 acid dragon scales (worn)
 D - a +2 pair of boots (worn)
Jewellery
 e - a ring of protection from cold (left hand)
 p - an amulet of reflection (around neck)
 r - an amulet of the acrobat
 s - a ring of ice
 E - a ring of poison resistance (right hand)
 I - a +6 ring of intelligence
 K - the ring "Noigh" {Fly rPois rC+}
   (You found it on level 11 of the Dungeon)

   [ring of poison resistance]

   rC:        It protects you from cold.
   rPois:     It protects you from poison.
   Fly:       It grants you flight.
 L - a ring of protection from fire
Wands
 i - a wand of iceblast (31)
 x - a wand of paralysis (10)
 B - a wand of digging (4)
 G - a wand of flame (24)
Scrolls
 l - a scroll of enchant armour
 o - 5 scrolls of teleportation
 t - 2 scrolls of identify
Potions
 d - 3 potions of might
 h - a potion of haste
 j - 6 potions of curing
 k - 5 potions of attraction
 q - 3 potions of ambrosia
 v - a potion of cancellation {unknown}
 A - 2 potions of invisibility {unknown}
 C - 2 potions of brilliance {unknown}
 F - 2 potions of resistance {unknown}
 J - a potion of heal wounds {unknown}


   Skills:
 + Level 7.2 Fighting
 * Level 18.0 Axes
 - Level 0.2 Throwing
 - Level 3.6 Armour
 - Level 3.6 Shields


You had 10 spell levels left.
You didn't know any spells.
Your spell library contained the following spells:

 Spells                   Type           Power      Damage    Failure   Level
 Pain                     Necr           0%         1d4       63%         1
 Static Discharge         Conj/Air       0%         N/A       77%         2
 Portal Projectile        Hex/Tloc       0%         N/A       93%         3
 Dispel Undead            Necr           0%         3d6       100%        4
 Sticky Flame             Conj/Fire      0%         2d3       100%        4
 Agony                    Necr           0%         N/A       100%        5
 Blade Hands              Tmut           0%         N/A       100%        5
 Excruciating Wounds      Necr           0%         N/A       100%        5
 Fireball                 Conj/Fire      0%         3d3       100%        5
 Iskenderun's Battlesphe  Conj           0%         2d6       100%        5
 Conjure Ball Lightning   Conj/Air       0%         3x3d6     100%        6
 Orb of Destruction       Conj           0%         N/A       100%        7


Dungeon Overview and Level Annotations

Branches:
Dungeon (12/15)            Temple (1/1) D:5            Lair (0/6) D:9
    Orc (0/2) D:9

Altars:
Ashenzari
Cheibriados
Dithmenos
Elyvilon
Fedhas
Gozag
Hepliaklqana
Kikubaaqudgha
Makhleb
Nemelex Xobeh
Okawaru
Qazlal
Ru
Sif Muna
Trog
Uskayaw
Vehumet
Wu Jian
Xom
Yredelemnul
Zin
The Shining One

Annotations:
D:4 3 runed translucent doors, Harkinian2's ghost, amateur MiFi


Innate Abilities, Weirdness & Mutations

You have a pair of horns on your head.
You reflexively headbutt those who attack you in melee.
You have sharp toenails.
Your skin changes colour to match your surroundings (Stealth+).
You are clumsy. (Dex -2)
Your spells are a little harder to cast, but a little more powerful.


Message History

You headbutt the slime creature, but do no damage.
The slime creature is severely wounded.
You slice the slime creature!!
A slime creature comes into view.
The slime creature hits you but does no damage.
You hit the slime creature.
The slime creature is almost dead.
You hit the slime creature.
The slime creature hits you but does no damage.
A slime creature comes into view.
The slime creature closely misses you.
You slice the slime creature!!
You kill the slime creature!
Okawaru accepts your kill. Okawaru grants you a weapon!
Something appears at your feet!
You see here the +11 arbalest "Gagussag" {freeze, Int+4}.
You slash the slime creature!
A slime creature comes into view.
Two slime creatures merge to form a large slime creature.
You completely miss the slime creature.
The slime creature is almost dead.
The slime creature hits you!
Two slime creatures merge to form a very large slime creature.
You slash the slime creature!
You kill the slime creature!
Okawaru accepts your kill.
Your Axes skill increases to level 18!
Two slime creatures merge to form an enormous slime creature.
You slice the enormous slime creature!!
The enormous slime creature is lightly wounded.
The enormous slime creature hits you!!
You slash the enormous slime creature!
You headbutt the enormous slime creature.
The enormous slime creature is lightly wounded.
The enormous slime creature closely misses you.
You slash the enormous slime creature!
The enormous slime creature is lightly wounded.
The enormous slime creature hits you!!!
You die...

####################
.................... .
................... ..
.................. ..
#...##.....##...# #.
#...##.....##...# #..
#..........#.....
.##...##..........#.....
......J@).........#.....
......#######.....##...#
..... #.....##...# .##.
.......#.... #
........#....
.........#.... ....#....
#.... #######.###


You could see an enormous slime creature.

Vanquished Creatures
  Fannar (D:10)
  2 two-headed ogres (D:11)
  An ugly thing (D:9)
  A cyclops (D:11)
  2 slime creatures (D:12)
  A hornet (D:8)
  Grinder (D:4)
  A shadow (D:9)
  3 yaks (D:10)
  2 vampires
  A wraith (D:9)
  A steam dragon (D:8)
  A basilisk (D:11)
  Menkaure (D:4)
  An acid dragon (D:8)
  3 water moccasins
  An orc warrior (D:9)
  2 necrophages
  2 ogres (D:7)
  3 centaurs
  2 gnoll sergeants
  4 scorpions
  5 killer bees (D:10)
  9 wights
  4 howler monkeys
  2 centaur zombies
  3 hounds
  3 jellies (D:6)
  An orc priest (D:9)
  A centaur skeleton (D:4)
  2 bullfrog skeletons
  An orc wizard (D:9)
  A scorpion zombie (D:5)
  A hound skeleton (D:4)
  12 gnolls
  2 howler monkey skeletons
  5 adders
  3 shadow imps
  An ufetubus (D:4)
  2 adder skeletons (D:4)
  3 worms
  2 dart slugs
  14 orcs
  6 bats
  9 endoplasms
  A giant cockroach (D:3)
  8 goblins
  3 hobgoblins
  5 quokkas
  9 ball pythons
  3 frilled lizards
  8 kobolds
  7 rats
  A butterfly (D:5)
174 creatures vanquished.

Vanquished Creatures (others)
  A gnoll (D:11)
1 creature vanquished.

Grand Total: 175 creatures vanquished

Notes
Turn   | Place    | Note
-------+----------+-------------------------------------------
     0 | D:1      | acemry the Minotaur Fighter began the quest for the Orb.
     0 | D:1      | Reached XP level 1. HP: 19/19 MP: 0/0
   108 | D:1      | Reached skill level 3 in Axes
   108 | D:1      | Reached XP level 2. HP: 6/26 MP: 1/1
   454 | D:1      | Reached skill level 4 in Axes
   457 | D:1      | Reached XP level 3. HP: 31/31 MP: 2/2
  1298 | D:2      | Reached skill level 5 in Axes
  1385 | D:2      | Found a faded altar of an unknown god.
  1692 | D:2      | Reached XP level 4. HP: 39/39 MP: 3/3
  2440 | D:3      | Reached skill level 6 in Axes
  3215 | D:3      | Identified a scroll of acquirement
  3215 | D:3      | Acquired the +6 hand crossbow of Velamp {freeze, Stlth+}
  3302 | D:4      | Reached XP level 5. HP: 36/45 MP: 4/4
  3377 | D:4      | Noticed Grinder
  3407 | D:4      | Killed Grinder
  3408 | D:4      | Reached skill level 8 in Axes
  3408 | D:4      | Reached XP level 6. HP: 4/51 MP: 5/5
  3785 | D:4      | Reached skill level 9 in Axes
  3947 | D:4      | Found a runed translucent gate.
  3947 | D:4      | Found a runed translucent gate.
  3948 | D:4      | Found a runed translucent gate.
  3950 | D:4      | Noticed Harkinian2's ghost (amateur MiFi)
  3999 | D:4      | Noticed Menkaure
  4005 | D:4      | Reached XP level 7. HP: 54/57 MP: 6/6
  4008 | D:4      | Killed Menkaure
  4093 | D:5      | Entered Level 5 of the Dungeon
  4134 | D:5      | Reached skill level 10 in Axes
  4635 | D:5      | Found a staircase to the Ecumenical Temple.
  4656 | Temple   | Entered the Ecumenical Temple
  4900 | Temple   | Became a worshipper of Warmaster Okawaru
  5094 | D:5      | Reached skill level 11 in Axes
  5211 | D:6      | Reached XP level 8. HP: 45/64 MP: 7/7
  5724 | D:6      | Acquired the +6 broad axe "Qiti Bem" {elec, Drain +Blink
                  | rF+++ rCorr}
  5887 | D:6      | Reached skill level 12 in Axes
  6340 | D:7      | Reached * piety under Okawaru
  6606 | D:8      | Reached skill level 13 in Axes
  6713 | D:8      | Noticed a hornet
  6719 | D:8      | Killed a hornet
  6720 | D:8      | Reached XP level 9. HP: 50/71 MP: 8/8
  7076 | D:8      | Found a shimmering altar of Xom.
  7465 | D:8      | Reached skill level 14 in Axes
  7620 | D:8      | Reached ** piety under Okawaru
  7912 | D:9      | Found a staircase to the Orcish Mines.
  7926 | D:9      | Gained mutation: You are clumsy. (Dex -2) [potion of
                  | mutation]
  7926 | D:9      | Gained mutation: You are partially covered in iridescent
                  | scales. (AC +2) [potion of mutation]
  7926 | D:9      | Gained mutation: Your skin changes colour to match your
                  | surroundings (Stealth+). [potion of mutation]
  7926 | D:9      | Gained mutation: Your spells are a little harder to cast,
                  | but a little more powerful. [potion of mutation]
  7927 | D:9      | Lost mutation: Your spells are a little harder to cast, but
                  | a little more powerful. [potion of mutation]
  7927 | D:9      | Lost mutation: You are clumsy. (Dex -2) [potion of
                  | mutation]
  7927 | D:9      | Gained mutation: You are somewhat resistant to further
                  | mutation. [potion of mutation]
  7928 | D:9      | Lost mutation: You are partially covered in iridescent
                  | scales. (AC +2) [potion of mutation]
  7928 | D:9      | Lost mutation: You are somewhat resistant to further
                  | mutation. [potion of mutation]
  7928 | D:9      | Gained mutation: You have sharp toenails. [potion of
                  | mutation]
  7928 | D:9      | Gained mutation: Your spells are a little harder to cast,
                  | but a little more powerful. [potion of mutation]
  7928 | D:9      | Gained mutation: You are clumsy. (Dex -2) [potion of
                  | mutation]
  8550 | D:9      | Noticed a cyan ugly thing
  8558 | D:9      | Killed a cyan ugly thing
  8559 | D:9      | Reached skill level 15 in Axes
  8694 | D:9      | Found a staircase to the Lair.
  8716 | D:9      | Reached skill level 5 in Fighting
  9083 | D:10     | Entered Level 10 of the Dungeon
  9130 | D:10     | Noticed Fannar
  9151 | D:10     | Killed Fannar
  9151 | D:10     | Reached *** piety under Okawaru
  9152 | D:10     | Reached skill level 16 in Axes
  9152 | D:10     | Reached XP level 10. HP: 16/83 MP: 9/9
 10101 | D:11     | Identified the ring "Noigh" {Fly rPois rC+}
 10106 | D:11     | Noticed a two-headed ogre
 10117 | D:11     | Killed a two-headed ogre
 10117 | D:11     | Reached **** piety under Okawaru
 10118 | D:11     | Reached skill level 17 in Axes
 10684 | D:11     | Noticed a cyclops
 10690 | D:11     | Killed a cyclops
 10729 | D:11     | Noticed a two-headed ogre
 10734 | D:11     | Killed a two-headed ogre
 10734 | D:11     | Reached ***** piety under Okawaru
 10910 | D:11     | Found an ornate altar of the Wu Jian Council.
 10963 | D:11     | Reached XP level 11. HP: 87/92 MP: 10/10
 11527 | D:12     | Identified the +11 arbalest "Gagussag" {freeze, Int+4}
                  | (Okawaru gifted it to you on level 12 of the Dungeon)
 11527 | D:12     | Received a gift from Okawaru
 11530 | D:12     | Reached skill level 18 in Axes
 11533 | D:12     | Slain by an enormous slime creature

Illustrated notes

Levels and vault maps discovered:
D:1:      minmay_arrival_arboretum_large, layout_basic
D:2:      layout_loops_corners, shapermc_ecumenical_altar_notcrosses
D:3:      layout_basic
D:4:      layout_basic, ebering_ghost_rock_garden, serial_curves,
          eino_curves_01, eino_curves_02, uniq_grinder, uniq_menkaure
D:5:      layout_basic, minmay_temple_entry_butterflies, st_stairs_4
D:6:      layout_basic
D:7:      layout_basic
D:8:      layout_gridville, overflow_temple_1_default
D:9:      minmay_klotski, layout_gridville, orc_0_dummy, dk_noncrumbling_3,
          grunt_ministairs_2, minmay_hedge_maze
D:10:     layout_irregular_city, nicolae_straight_to_the_point, uniq_fannar
D:11:     layout_stronghold, nicolae_wu_jian_immortal_techniques
D:12:     layout_gridville
Temple:   nicolae_temple_the_god_donut

Skill      XL: |  1  2  3  4  5  6  7  8  9 10 11 |
---------------+----------------------------------+-----
Axes           | 3 4 5 6 8 9 11 13 16 17 18 | 18.0
Fighting       | 4 5 7 |  7.2
Throwing       | |  0.2
Armour         | |  3.6
Shields        | |  3.6

Action                   |  1- 3 |  4- 6 |  7- 9 | 10-12 || total
-------------------------+-------+-------+-------+-------++-------
Melee: War axe           |    69 |   110 |    74 |       ||   253
       Headbutt          |     9 |    19 |    34 |    14 ||    76
       Broad axe         |       |       |    47 |       ||    47
       Battleaxe         |       |       |    62 |    62 ||   124
 Fire: Hand crossbow     |       |       |       |     2 ||     2
Throw: Dart              |       |     1 |       |       ||     1
  Use: Scroll            |       |     6 |    12 |       ||    18
       Potion            |       |     1 |     3 |       ||     4
Armor: Scale mail        |     3 |       |       |       ||     3
       Chain mail        |    41 |    49 |    51 |       ||   141
       Acid dragon scale |       |       |    20 |    33 ||    53
Dodge: Dodged            |    37 |    38 |    52 |    48 ||   175
Block: Kite shield       |    15 |       |       |       ||    15
       Other             |       |    16 |    37 |    10 ||    63
       Reflection        |       |       |       |     1 ||     1
